 Dungeon Crawl Stone Soup version 0.25-a0-635-g0c6c292ef3 (webtiles) character file.

Game seed: 1715970192821486913, levelgen mode: deterministic

30 Esekla the Skirmisher (level 3, -1/30 HPs)
             Began as a Formicid Abyssal Knight on Mar 20, 2020.
             Was a Follower of Lugonu.
             Slain by an adder (3 damage)
             ... on level 2 of the Dungeon.
             The game lasted 00:11:40 (1137 turns).

Esekla the Skirmisher (Formicid Abyssal Knight)     Turns: 1137, Time: 00:11:40

Health: -1/30      AC:  3    Str: 16    XL:     3   Next: 35%
Magic:  4/4        EV: 11    Int: 11    God:    Lugonu [*.....]
Gold:   79         SH:  0    Dex: 11    Spells: 2/2 levels left

rFire    . . .     SeeInvis +   a - +1 falchion
rCold    . . .     Gourm    .   (no shield)
rNeg     . . .     Faith    .   b - +0 leather armour
rPois    .         Spirit   .   (helmet unavailable)
rElec    .         Reflect  .   (no cloak)
rCorr    .         Harm     .   (no gloves)
MR       .....                  (no boots)
Stlth    +.........             (no amulet)
HPRegen  0.10/turn              (no ring)
MPRegen  0.09/turn              (no ring)

@: lethally poisoned (-1 -> -3)
A: permanent stasis, dig shafts and tunnels, four strong arms, antennae 3
a: Dig, Shaft Self, Depart the Abyss, Renounce Religion


You were on level 2 of the Dungeon.
You worshipped Lugonu.
Lugonu was aware of your devotion.
You were hungry.

You visited 1 branch of the dungeon, and saw 2 of its levels.
You visited the Abyss 1 time.

You collected 79 gold pieces.

Inventory:

Hand Weapons
 a - a +1 falchion (weapon)
Missiles
 h - a boomerang (quivered)
Armour
 b - a +0 leather armour (worn)
Jewellery
 g - an uncursed ring of stealth {unknown}
Scrolls
 d - 2 scrolls of identify {unknown}
 e - a scroll of fear {unknown}
 j - 3 scrolls of teleportation {unknown}
 k - a scroll of remove curse {unknown}
 m - 2 scrolls of enchant armour {unknown}
Potions
 f - 2 potions of might {unknown}
 i - 4 potions of curing {unknown}
 l - a potion of stabbing {unknown}
 n - a potion of lignification {unknown}
 o - a potion of berserk rage {unknown}
 p - a potion of heal wounds {unknown}
 q - a potion of haste {unknown}
Comestibles
 c - 2 rations


   Skills:
 * Level 3.8 Fighting
 + Level 2.4 Long Blades
 + Level 2.7 Armour
 + Level 1.2 Dodging
 + Level 2.2 Invocations


You had 2 spell levels left.
You didn't know any spells.
Your spell library was empty.

Dungeon Overview and Level Annotations

Branches:
Dungeon (2/15)

Altars:
Gozag


Innate Abilities, Weirdness & Mutations

You cannot be hasted, slowed, berserked, paralysed or teleported.
You can dig through walls and to a lower floor.
Your four strong arms can wield two-handed weapons with a shield.
You have a pair of large antennae on your head. (SInv)


Message History

You barely miss the adder.
The adder is severely wounded.
The adder bites you.
You miss the adder.
The adder is severely wounded.
The adder bites you but does no damage. The adder barely misses you.
You closely miss the adder.
The adder is severely wounded.
You feel sick. The adder bites you.
* * * LOW HITPOINT WARNING * * *
You barely miss the adder.
The adder is heavily wounded.
The adder closely misses you.
You riposte.
You barely miss the adder.
The adder is heavily wounded.
You hit the adder.
The adder is almost dead.
The adder bites you.
* * * LOW HITPOINT WARNING * * *
The adder bites you.
You die...

.##
#....{.......#
##
#.#.########.#
.# #.#.#
#.....##### .#
#.#.#
#.#.#.....#####
.######.#.#
#.........#..8#
..........#
#............_#
.#####.####
##........#..8#
.# #.#
##.###########
.# #.# #$@# .#
#.# #..S......
.# #.#
#...###### .#
#.# ..... .#
#.# #..##.. ..#
#.. ##. #.. ..
..#


You could see an adder.

Vanquished Creatures
  An adder (D:2)
  A dart slug (D:1)
  A leopard gecko (D:1)
  A giant cockroach (D:1)
  2 goblins
  2 hobgoblins
  A kobold (D:1)
  3 bats (D:2)
  6 rats
18 creatures vanquished.

Notes
Turn   | Place    | Note
-------+----------+-------------------------------------------
     0 | Abyss:1  | Esekla the Formicid Abyssal Knight began the quest for the
                  | Orb.
     0 | Abyss:1  | Reached XP level 1. HP: 18/18 MP: 2/2
    10 | Abyss:1  | Noticed a large abomination
   103 | Abyss:2  | Noticed a wretched star
   110 | Abyss:2  | Noticed a crimson imp
   110 | Abyss:2  | Noticed a crimson imp
   175 | Abyss:3  | Noticed a large abomination
   182 | Abyss:3  | Noticed a ynoxinul
   191 | Abyss:3  | Noticed a ynoxinul
   197 | Abyss:3  | Noticed a large abomination
   198 | D:1      | Escaped the Abyss
   345 | D:2      | Reached skill level 1 in Dodging
   391 | D:2      | Reached * piety under Lugonu
   391 | D:2      | Reached XP level 2. HP: 19/24 MP: 3/3
  1038 | D:2      | Reached XP level 3. HP: 14/30 MP: 4/4
  1092 | D:2      | Found an opulent altar of Gozag.
  1137 | D:2      | Slain by an adder

Levels and vault maps discovered:
D:1:      dpeg_arrival_lava_altar, layout_basic, minmay_cut_off
D:2:      cheibrodos_old_hovel, layout_loops_ring, grunt_gozag_breadcrumbs,
          overflow_temple_1_default, chequers_serial_rivers_small_a,
          palyth_stone_intersect, serial_bayou_pond_d, uniq_jessica, uniq_robin,
          uniq_natasha

Skill      XL: |  1 |
---------------+----+-----
Dodging        | 1 |  1.2
Fighting       | |  3.8
Long Blades    | |  2.4
Armour         | |  2.7
Invocations    | |  2.2

Action                   || total
-------------------------++-------
Melee: Falchion          ||    65
Throw: Boomerang         ||     2
Invok: Depart the Abyss  ||     1
Armor: Leather armour    ||    14
Dodge: Dodged            ||    44
       Rpst.: Falchion   ||    13

Table legend:
 A = Non-vault XP
 B = Vault XP
 C = Vault XP percentage of total XP
 D = Non-vault monster count
 E = Vault monster count
 F = Vault count percentage of total count
                 A         B        C        D         E       F
            +---------+---------+-------+---------+---------+-------
      Total |      24 |      19 |  44.2 |      15 |       3 |  16.7
            +---------+---------+-------+---------+---------+-------
        D:1 |      15 |       5 |  25.0 |       9 |       2 |  18.2
        D:2 |       9 |      14 |  60.9 |       6 |       1 |  14.3
            +---------+---------+-------+---------+---------+-------
